details: 'boots of speed abuse'

« prev index next »

General information

Mini Map

Players

team 1
HumangreedoFthenoob (blue | 87 APM | 1401 actions | 16:09)
Hero icon 4 Archmage
Ability icon 2 Summon Water Elemental
Ability icon 2 Brilliance Aura
Hero icon 2 Mountain King
Ability icon 1 Storm Bolt
Ability icon 1 Bash

» actions
Assign group hotkey29
Basic commands53
Build / train58
Enter build submenu19
Enter hero's abilities submenu6
Right click674
Select / deselect426
Select group hotkey73
Use ability63
1401 total
» units
Peasant15
Footman13
Priest2
Spell Breaker2
Knight1
33 total
» upgrades
Swords1
Priest Training1
2 total
» buildings
Altar of Kings1
Barracks1
Farm7
Scout Tower2
Arcane Tower2
Arcane Vault1
Keep1
Lumber Mill2
Arcane Sanctum2
Blacksmith1
Castle1
21 total
» build order
00:08 Altar of Kings
00:18 Barracks
00:35 Farm
00:36 Farm
01:38 Scout Tower
01:54 Farm
02:08 Arcane Tower
02:28 Farm
04:04 Scout Tower
05:18 Arcane Tower
06:35 Arcane Vault
06:39 Keep
06:56 Lumber Mill
07:08 Farm
07:27 Farm
09:56 Arcane Sanctum
09:58 Arcane Sanctum
10:08 Blacksmith
11:03 Castle
11:10 Lumber Mill
14:11 Farm
» items
Boots of Speed1
Scroll of Regeneration3
Scroll of Town Portal1
Potion of Healing4
Potion of Mana1
10 total
team 2
HumanTeste12 (pink | 76 APM | 1227 actions | 16:07)
Hero icon 3 Archmage
Ability icon 2 Summon Water Elemental
Ability icon 1 Brilliance Aura
Hero icon 1 Dark Ranger
Ability icon 1 Black Arrow

» actions
Assign group hotkey3
Build / train46
Enter build submenu15
Enter hero's abilities submenu4
Give item / drop item1
Remove unit from queue2
Right click711
Select / deselect278
Select group hotkey107
Use ability60
1227 total
» units
Peasant8
Footman8
Priest2
Spell Breaker2
Knight5
25 total
» buildings
Altar of Kings2
Barracks1
Farm7
Keep4
Arcane Vault1
Arcane Sanctum2
Lumber Mill1
Castle2
Blacksmith1
21 total
» build order
00:04 Altar of Kings
00:05 Barracks
00:08 Altar of Kings
00:27 Farm
00:54 Farm
01:31 Farm
03:00 Farm
03:28 Keep
03:29 Keep
03:29 Keep
04:36 Arcane Vault
06:44 Arcane Sanctum
06:45 Arcane Sanctum
07:13 Farm
07:21 Lumber Mill
07:23 Castle
10:03 Farm
10:09 Blacksmith
11:14 Farm
» items
Scroll of Regeneration3
Lesser Clarity Potion1
Potion of Healing1
5 total